Map: 锈化山巅-天梯版

Players

TIME (Oliveira) - Winner!

  • Race: Terran Terran

iGXY (XY)

  • Race: Terran Terran

Event: DreamHack SC2 Masters 2020 Winter

VOD

Have the link to the VOD?

Description

Time

  • Played on: Nov. 1, 2020, 8:46 a.m.
  • Length: 16:10

All games in this series

Show
View Real Time Build Order
Export as new Build Order

TIME Terran - Winner!

Build Orders:  

Get SALT Encoding   

  12  0:00  SCV  
  13  0:12  SCV  
  14  0:17  Supply Depot  
  14  0:24  SCV  
  15  0:38  SCV  
  15  0:40  Barracks  
  16  0:44  Refinery  
  16  0:50  SCV  
  16  0:53  Refinery  
  17  1:02  SCV  
  18  1:16  SCV  
  19  1:28  Reaper, Orbital Command  
  19  1:29  Supply Depot  
  20  1:41  Factory  
  20  1:54  SCV  
  20  2:00  Reaper  
  22  2:06  SCV  
  23  2:18  SCV  
  23  2:19  Command Center  
  24  2:25  Hellion  
  26  2:30  SCV  
  26  2:33  Barracks Reactor  
  27  2:41  Starport  
  27  2:42  SCV  
  28  2:45  Supply Depot  
  28  2:48  Widow Mine  
  30  2:55  SCV  
  31  3:07  SCV  
  31  3:10  Marine x2, Factory Tech Lab  
  34  3:19  SCV, Medivac, Refinery  
  37  3:27  Marine x2  
  37  3:31  Cyclone  
  42  3:35  Orbital Command  
  42  3:38  SCV  
  43  3:45  Marine x2  
  45  3:50  Starport Tech Lab  
  45  3:53  SCV  
  46  3:57  Supply Depot  
  46  4:05  Marine x2  
  46  4:06  Siege Tank  
  46  4:08  SCV  
  46  4:09  SCV  
  53  4:22  Marine  
  49  4:26  Raven  
  49  4:27  SCV  
  49  4:30  SCV, Marine  
  51  4:32  Supply Depot  
  51  4:38  Siege Tank  
  51  4:39  SCV  
  51  4:42  SCV  
  56  4:50  Command Center  
  56  4:52  Marine x2  
  56  4:54  SCV  
  59  5:01  SCV  
  59  5:05  Supply Depot  
  59  5:06  SCV  
  61  5:09  Raven  
  61  5:10  Marine x2  
  61  5:13  SCV  
  66  5:19  SCV  
  67  5:28  Marine x2  
  65  5:30  Siege Tank  
  65  5:31  SCV x2  
  65  5:35  Supply Depot, Refinery  
  72  5:45  SCV  
  72  5:49  Barracks  
  74  5:51  Barracks  
  71  5:58  SCV  
  71  6:02  Orbital Command, Siege Tank  
  75  6:06  Stimpack  
  75  6:07  SCV  
  75  6:08  Marine  
  77  6:11  Viking x2  
  77  6:12  SCV, Engineering Bay x2  
  82  6:19  SCV  
  82  6:21  Orbital Command  
  82  6:24  SCV  
  84  6:31  SCV  
  85  6:33  Supply Depot  
  85  6:42  Viking x2  
  64  7:01  Barracks Reactor x2  
  64  7:02  Siege Tank  
  64  7:07  SCV x2  
  69  7:09  Marine  
  69  7:10  SCV  
  69  7:11  Barracks  
  69  7:13  Barracks  
  69  7:15  Viking x2  
  75  7:20  SCV  
  75  7:21  Terran Infantry Weapons Level 1, Terran Infantry Armor Level 1  
  70  7:23  SCV  
  71  7:33  SCV x2  
  71  7:35  SCV, Marine  
  73  7:38  Marine x3, Siege Tank  
  73  7:43  Marine  
  80  7:45  SCV x2  
  80  7:47  SCV  
  80  7:48  Combat Shield  
  80  7:49  Medivac  
  85  7:52  Supply Depot  
  85  7:53  Refinery x2  
  85  7:54  Medivac  
  85  7:55  Command Center  
  85  7:57  SCV x2  
  89  7:59  SCV  
  89  8:00  Marine x2  
  89  8:03  Barracks Reactor, Command Center  
  89  8:04  Barracks Reactor, Supply Depot  
  89  8:05  Marine  
  93  8:07  Marine  
  93  8:09  SCV x2, Marine  
  97  8:16  SCV  
  97  8:18  Armory, Marine  
  99  8:22  SCV x2  
  99  8:23  Siege Tank  
  99  8:24  Marine  
  99  8:25  Marine  
  106  8:27  Supply Depot  
  106  8:30  Marine  
  106  8:31  SCV  
  108  8:34  SCV x2  
  108  8:36  Supply Depot  
  108  8:37  Supply Depot, Marine x2  
  108  8:40  Marine x3  
  108  8:41  Marine, Sensor Tower  
  116  8:42  Medivac, Marine  
  116  8:43  SCV, Medivac  
  116  8:46  SCV  
  116  8:47  SCV  
  124  8:50  Marine x2  
  124  8:55  SCV, Marine  
  128  8:57  Marine, Siege Tank  
  128  8:58  Marine x2  
  128  9:00  SCV  
  135  9:02  Marine  
  135  9:03  Refinery, Marine  
  135  9:04  Refinery  
  135  9:05  Marine  
  135  9:08  Marine  
  135  9:09  Planetary Fortress  
  139  9:10  SCV x2  
  139  9:11  Marine  
  139  9:15  Planetary Fortress  
  142  9:17  Marine x2  
  142  9:18  Missile Turret x2  
  142  9:19  Marine  
  142  9:21  SCV  
  142  9:22  SCV  
  147  9:26  SCV, Marine x3  
  147  9:27  Marine  
  147  9:29  Terran Infantry Weapons Level 2  
  147  9:31  Marine  
  153  9:34  SCV, Terran Infantry Armor Level 2  
  153  9:36  Marine x2  
  155  9:40  Refinery, Siege Tank  
  155  9:41  Refinery, Marine x2  
  155  9:42  SCV x2  
  162  9:46  Marine x2  
  162  9:48  Starport  
  162  9:49  Starport  
  162  9:50  Marine  
  162  9:52  SCV x2  
  167  9:54  Marine  
  167  9:57  Marine x2  
  170  10:02  Viking  
  170  10:04  Supply Depot  
  170  10:05  Viking, Supply Depot, Marine x2  
  176  10:10  Marine x2  
  176  10:11  Marine  
  176  10:14  Terran Vehicle Weapons Level 1  
  176  10:15  SCV  
  176  10:16  Marine  
  176  10:18  SCV  
  179  10:22  Sensor Tower  
  179  10:23  Supply Depot  
  179  10:24  Sensor Tower  
  179  10:25  SCV  
  179  10:26  Starport Tech Lab  
  179  10:30  Factory  
  179  10:33  Starport Tech Lab  
  179  10:36  Barracks Reactor  
  179  10:37  Marine  
  179  10:39  Marine x5  
  185  10:45  Marine  
  185  10:52  Marine  
  185  10:55  Marine  
  185  10:56  Marine  
  187  10:57  Marine  
  187  10:58  Marine x2, Siege Tank  
  187  10:59  Raven x2  
  187  11:00  Corvid Reactor  
  198  11:05  Command Center  
  198  11:07  Marine x2, Sensor Tower  
  198  11:24  Marine x2  
  193  11:25  Marine  
  193  11:29  Marine x2  
  193  11:31  Siege Tank  
  193  11:32  Viking x2  
  195  11:34  Marine x2  
  195  11:36  Command Center, Siege Tank  
  195  11:37  Command Center  
  200  11:47  Command Center  
  198  11:57  Marine x3  
  198  11:58  Marine  
  198  11:59  Marine x4  
  200  12:18  Marine  
  200  12:22  Raven x2  
  194  12:24  Viking x2, Marine  
  194  12:25  Terran Infantry Weapons Level 3, Terran Infantry Armor Level 3  
  194  12:26  Terran Vehicle Weapons Level 2  
  194  12:27  Marine  
  200  12:31  Orbital Command  
  200  12:45  Command Center  
  200  12:51  Marine x10  
  153  12:53  Siege Tank  
  119  12:59  Viking, Siege Tank  
  119  13:00  Viking  
  124  13:06  Orbital Command  
  124  13:07  Barracks  
  124  13:09  Marine x7, Barracks x2  
  124  13:10  Marine x2  
  124  13:12  Raven  
  133  13:13  Raven  
  133  13:15  Orbital Command, Marine  
  138  13:26  Marine  
  139  13:27  Marine x7  
  139  13:28  Marine  
  139  13:30  Siege Tank  
  139  13:32  Liberator x2  
  139  13:33  Marine  
  158  13:34  Siege Tank  
  158  13:44  Marine x2  
  158  13:45  Marine x2  
  159  13:49  Marine  
  159  13:50  Marine x3  
  159  13:54  Marine  
  161  14:00  Marine  
  161  14:02  Marine x2  
  162  14:03  Marine  
  162  14:04  Planetary Fortress  
  162  14:05  Barracks  
  162  14:06  Marine, Barracks x2  
  165  14:10  Marine x2  
  165  14:15  Siege Tank  
  161  14:17  Marine  
  161  14:19  Medivac x2, Raven  
  161  14:21  Raven  
  168  14:29  Marine x2  
  167  14:36  Marine  
  167  14:38  Marine x2  
  168  14:40  Marine x2  
  168  14:41  Marine  
  168  14:42  Marine x2  
  174  14:46  SCV, Marine  
  174  14:47  Marine  
  174  14:50  Orbital Command  
  176  14:54  Marine  
  176  14:56  Marine  
  176  14:57  Command Center  
  176  14:58  Marine x3  
  176  14:59  Marine  
  182  15:00  Medivac  
  182  15:02  Raven, Medivac  
  182  15:03  Marine  
  189  15:12  Marine  
  187  15:16  Marine  
  187  15:17  Marine  
  187  15:18  Marine x4  
  187  15:20  Marine x2  
  187  15:21  Marine  
  175  15:22  Raven  
  175  15:24  SCV  
  175  15:26  Barracks Reactor  
  175  15:27  Barracks Reactor x2  
  180  15:28  SCV  
  180  15:30  Marine  
  180  15:32  Planetary Fortress  
  180  15:33  Marine  
  180  15:34  Marine  
  183  15:41  Marine  
  183  15:42  Marine  
  184  15:43  Marine  
  184  15:45  Marine  
  184  15:47  Marine  
Show
View Real Time Build Order
Export as new Build Order

iGXY Terran 

Build Orders: Reaper Expand 

Get SALT Encoding   

  12  0:00  SCV  
  13  0:12  SCV  
  14  0:17  Supply Depot  
  14  0:24  SCV  
  15  0:38  SCV  
  15  0:40  Barracks  
  16  0:44  Refinery  
  16  0:50  SCV  
  17  0:59  Supply Depot  
  17  1:03  SCV  
  18  1:15  SCV  
  19  1:27  Reaper, Orbital Command  
  20  1:46  Command Center  
  20  1:52  SCV  
  21  1:58  Marine  
  22  2:05  SCV  
  22  2:06  Factory  
  23  2:12  Refinery  
  23  2:17  SCV  
  23  2:21  Barracks Reactor  
  24  2:24  Bunker  
  24  2:29  SCV  
  25  2:41  SCV  
  26  2:50  Widow Mine  
  28  2:52  Starport  
  28  2:53  SCV  
  28  2:57  Orbital Command  
  29  2:58  Marine x2  
  29  3:03  Refinery  
  31  3:06  SCV  
  31  3:11  Factory Tech Lab  
  32  3:18  SCV  
  33  3:20  Marine x2  
  33  3:23  SCV  
  36  3:30  SCV  
  37  3:35  SCV  
  37  3:36  Factory Tech Lab  
  37  3:38  Supply Depot, Raven  
  37  3:39  Marine x2  
  42  3:46  SCV  
  42  3:47  SCV  
  43  3:55  Cyclone  
  46  3:59  SCV x2  
  46  4:00  Supply Depot  
  48  4:11  SCV x2, Marine x2  
  52  4:23  SCV  
  52  4:24  SCV  
  51  4:29  Marine x2  
  51  4:30  Raven  
  51  4:31  Siege Tank  
  55  4:35  SCV  
  55  4:36  SCV  
  57  4:44  Supply Depot  
  57  4:47  Marine x2  
  57  4:48  SCV x2  
  61  5:00  SCV  
  61  5:01  Command Center  
  61  5:06  SCV, Marine x2  
  65  5:09  Supply Depot  
  65  5:12  SCV  
  65  5:13  Raven  
  68  5:18  SCV  
  68  5:21  Supply Depot  
  69  5:24  SCV  
  69  5:25  Siege Tank  
  67  5:29  Marine x2  
  67  5:30  SCV  
  67  5:36  SCV  
  68  5:44  SCV  
  68  5:47  Marine x2  
  68  5:48  SCV  
  72  5:56  SCV  
  71  5:57  Siege Tank  
  71  6:02  SCV  
  75  6:08  SCV  
  75  6:09  Barracks  
  75  6:10  Barracks  
  76  6:12  Starport Reactor  
  76  6:14  SCV  
  76  6:15  Orbital Command  
  76  6:16  Refinery  
  74  6:20  SCV  
  74  6:21  Barracks  
  75  6:26  SCV  
  75  6:29  Siege Tank  
  75  6:32  SCV  
  80  6:43  SCV  
  80  6:46  SCV  
  78  6:50  Viking  
  69  7:05  SCV  
  69  7:07  Barracks Reactor  
  67  7:10  SCV  
  67  7:13  Siege Tank  
  68  7:15  Barracks Tech Lab  
  68  7:16  Marine  
  68  7:21  Viking  
  68  7:22  Viking  
  60  7:33  Marine  
  60  7:35  Barracks Reactor, Stimpack  
  60  7:38  SCV  
  60  7:39  SCV  
  60  7:40  Engineering Bay  
  60  7:41  Engineering Bay, Barracks  
  60  7:42  Barracks  
  62  7:45  Marine x2, Siege Tank  
  62  7:47  Orbital Command  
  62  7:50  SCV  
  68  7:51  SCV, Marine  
  68  7:56  Viking x2  
  74  8:02  SCV  
  74  8:03  SCV, Marine x2  
  78  8:08  Supply Depot  
  78  8:09  Supply Depot, Marine  
  78  8:11  Terran Infantry Weapons Level 1, Refinery x2, Terran Infantry Armor Level 1  
  79  8:13  SCV  
  79  8:14  SCV  
  79  8:16  SCV  
  82  8:20  Marine  
  82  8:24  Siege Tank  
  82  8:25  SCV  
  82  8:26  SCV  
  88  8:27  Marine x2  
  88  8:28  SCV, Marine x2  
  88  8:30  Barracks Reactor  
  93  8:35  Supply Depot  
  93  8:37  SCV  
  93  8:38  SCV, Combat Shield  
  93  8:40  SCV  
  96  8:43  Marine x2  
  96  8:45  Marine  
  96  8:46  Supply Depot  
  99  8:49  SCV  
  99  8:50  Marine x2  
  99  8:51  SCV, Marine  
  99  8:53  SCV  
  99  8:54  Medivac  
  99  8:55  Medivac  
  108  9:01  SCV, Marine x2  
  111  9:03  SCV, Marine  
  111  9:04  Supply Depot  
  111  9:07  Sensor Tower  
  111  9:08  Marine x3  
  116  9:10  Marine x2  
  116  9:13  Armory  
  116  9:14  SCV  
  119  9:19  Marine x2  
  119  9:20  Supply Depot  
  119  9:21  Marine  
  122  9:25  Supply Depot  
  122  9:26  Marine x3, Siege Tank  
  122  9:28  Marine x2  
  130  9:33  Supply Depot  
  130  9:36  Supply Depot  
  130  9:37  Marine x2  
  132  9:39  Marine  
  132  9:42  Medivac x2  
  132  9:44  Marine x3  
  137  9:46  Marine x2  
  139  9:55  Marine  
  139  9:56  Marine  
  139  9:58  Siege Tank  
  143  10:00  Factory  
  143  10:02  Marine x3  
  143  10:05  Marine  
  143  10:06  SCV  
  143  10:07  SCV, Barracks Reactor  
  149  10:09  Command Center  
  149  10:10  Marine  
  149  10:12  Marine  
  145  10:14  Marine  
  145  10:16  Terran Infantry Weapons Level 2  
  145  10:19  Marine x2  
  145  10:20  Marine  
  146  10:21  Command Center  
  146  10:24  Marine  
  147  10:28  Marine  
  147  10:29  Terran Infantry Armor Level 2  
  147  10:30  Marine, Siege Tank  
  147  10:32  Marine  
  153  10:36  SCV x2  
  153  10:37  Marine x3  
  153  10:42  Marine  
  159  10:46  Marine  
  159  10:48  Marine x3  
  163  10:50  Marine  
  163  10:52  Sensor Tower  
  163  10:55  Terran Vehicle Weapons Level 1, Supply Depot, Marine  
  165  10:58  Marine  
  165  11:08  Supply Depot  
  165  11:09  Marine, Siege Tank x2  
  155  11:26  Marine x5  
  155  11:29  Marine x2  
  155  11:31  Marine x2  
  158  11:38  Viking x2, Refinery  
  162  11:40  Refinery  
  162  11:41  Siege Tank x2  
  162  11:43  Marine x2  
  162  11:44  Marine x2  
  172  11:47  Marine x2  
  172  11:48  Marine  
  172  11:49  Marine x2  
  170  12:01  Marine x3  
  170  12:03  Planetary Fortress  
  170  12:05  Marine  
  174  12:11  Marine x4, Sensor Tower  
  174  12:13  Siege Tank x2  
  174  12:14  Marine  
  185  12:19  Marine x3  
  188  12:23  Marine  
  188  12:29  Missile Turret  
  189  12:30  Missile Turret, Marine  
  189  12:32  Missile Turret  
  189  12:33  Missile Turret, Marine x3  
  193  12:40  Terran Infantry Weapons Level 3  
  159  12:52  Marine x3  
  159  12:53  Medivac x2  
  159  12:56  Marine, Siege Tank  
  135  13:03  Marine x2  
  137  13:06  Marine  
  137  13:07  Marine  
  137  13:09  Siege Tank  
  137  13:10  Terran Ship Weapons Level 1  
  142  13:15  Marine x3  
  142  13:16  Barracks Reactor, Starport  
  142  13:17  Starport  
  145  13:20  Marine  
  145  13:26  Medivac x2  
  150  13:30  SCV x3, Marine x3  
  150  13:33  Marine x4  
  160  13:38  Marine  
  161  13:43  Siege Tank  
  161  13:48  Marine x2  
  153  13:49  Marine  
  153  13:51  Marine x3  
  153  13:53  Marine x2, Siege Tank  
  161  14:01  Marine  
  153  14:06  Marine x3  
  153  14:08  Marine  
  146  14:10  Marine  
  146  14:14  SCV x2  
  144  14:20  SCV  
  145  14:24  Marine x2  
  145  14:25  Marine x3  
  145  14:26  SCV  
  145  14:27  SCV, Marine  
  153  14:34  Marine  
  154  14:41  SCV x2, Starport Tech Lab x2  
  154  14:43  Siege Tank  
  144  14:50  SCV  
  144  15:07  Siege Tank  
  137  15:15  Siege Tank  
  137  15:18  Medivac x2  
  137  15:19  Marine x2  
  137  15:20  Marine  
  132  15:25  SCV x2  
  134  15:31  Command Center  
  134  15:34  Marine x3  
  134  15:35  Marine  
  137  15:36  Marine  
  137  15:37  Marine  
  137  15:38  Marine  
  141  15:46  Marine x3  
  121  15:52  Marine  
Tags
 
Add a new tag
Caveats
  • Supply blocks, unpowered buildings, or Contaminate may cause inaccurate times.
  • Supply counts are checked every 10 seconds.